Croesus, chaotic male elven Ranger # # ----- -|-------|--- |...-## |...........| ------- |...| |...........| |.....@a######%# ------- |....# ##............| ......| # ......| |...|# # |...........| |.....| ##.......| |..>|# # |...........| #......| # .....| |...|# # |...........| ###|...(%.# ### - ---- ---|-# # -----------|- # --|-.--# # ^ # # # ## ### # ### # # # # ### # # # ## ### #### # # --|-- ############# ## # |...+ ####### ### #------# |...| ----.----------- # #|<`..|# |....### |..............| .. #|....|# ----- # |..............| .... #|....|# ##-.....(........| .... #..{...# ---------------- ....| ------ ----- Croesus the Lookout Experience level: 5 Strength: 17 Dexterity: 11 Constitution: 14 Intelligence: 13 Wisdom: 14 Charisma: 7 Health: 0(25) Energy: 26(26) Def: 3 Gold: 1235 Moves: 2470 Dungeon seed: sG9aocDzUNXq0zlz Game ID: Croesus_1559040650 Your Inventory: Weapons a - an uncursed +1 elven dagger (alternate weapon; not wielded) b - an uncursed +1 elven bow (weapon in hand) c - 44 uncursed +2 elven arrows (in quiver) d - 32 uncursed +0 elven arrows k - 9 uncursed +0 ya of fire o - a blessed +0 sling t - an uncursed +0 orcish dagger D - 10 uncursed +0 darts Armor e - an uncursed +2 elven cloak (being worn) n - an uncursed +0 orcish helm r - an uncursed +0 elven mithril-coat z - a cursed -1 pair of gauntlets of fumbling Comestibles f - 3 uncursed lembas wafers g - an uncursed tripe ration G - 2 uncursed carrots Scrolls x - an uncursed scroll of identify Spellbooks H - an uncursed spellbook of stone to flesh Potions u - an uncursed potion of healing A - an uncursed potion of speed C - an uncursed potion of oil E - an uncursed potion of sickness Rings l - an uncursed ring of free action B - an uncursed -1 ring of searching Wands h - an uncursed wand of sleep (0:4) m - a blessed wand of secret door detection (0:13) w - an uncursed wand of striking (0:4) Gems q - an uncursed worthless piece of red glass y - an uncursed worthless piece of black glass Coins $ - 1235 gold pieces Spells and supernatural/magical abilities: Name Level Category Cost Memory M - magic mapping 5 divination 5000pw 98% W - pray for help -- divine ? -- Your skills at the end: Fighting Skills wands [Basic] Weapon Skills dagger [Basic] bow [Basic] Spellcasting Skills Final Attributes: You were piously aligned. You were immune to sleep. You saw invisible. You had automatic searching. You had infravision. You were stealthy. Mars was noncommittal. You are dead. Vanquished creatures: a leprechaun a dog a gray ooze a kobold shaman 2 hill orcs a rothe a dwarf zombie a werejackal 3 iguanas 3 killer bees a hobbit a hobgoblin 5 giant rats a yellow mold a gecko a kobold 2 goblins 4 grid bugs 2 lichens a kobold zombie 3 newts 37 creatures vanquished. Voluntary challenges: You were an atheist. You used a wielded weapon 9 times, starting on turn 366. You read items or engraved 35 times, starting on turn 771. You never genocided any monsters. You never polymorphed an object. You never changed form. You used no wishes. You never split a pudding. You never wrote Elbereth's name. You never violated your personal moral code. Dungeon overview: The Dungeons of Doom: levels 1 to 7 Level 1 a fountain a long staircase Level 2 a delicatessen, a vault a long staircase Level 3 Level 4 a general store Level 5 a fountain Level 6 <- You were here a fountain Level 7 History has recorded: On T:1 you entered the Dungeons of Doom to retrieve the Amulet of Yendor! On T:297 you reached level 2 of The Dungeons of Doom. On T:482 you reached level 3 of The Dungeons of Doom. On T:758 you advanced to experience level 2. On T:1051 you reached level 4 of The Dungeons of Doom. On T:1487 you reached level 5 of The Dungeons of Doom. On T:1529 you advanced to experience level 3. On T:1544 you reached level 6 of The Dungeons of Doom. On T:1817 you advanced to experience level 4. On T:2093 you reached level 7 of The Dungeons of Doom. On T:2363 you advanced to experience level 5. Score breakdown: Gold: 1235 (10517 points) Experience: 5 levels (11141 points) Exploration: 7 levels ( 14.58%) (10718 points) Discoveries: 6 items ( 2.03%) ( 4278 points) Valuables value: (no points given unless you survive) Artifact value: 0 ( 0 points) Variety of kills: 21 monsters ( 5.53%) ( 7052 points) Turncount: 2470 turns ( -312 points) Survival: died (score multiplied by 80%) Total score: 34715 Latest messages: You shoot 2 elven arrows. The 1st elven arrow hits the killer bee! You kill the killer bee! The 2nd elven arrow hits it. The killer bee stings! You shoot 2 elven arrows. The 1st elven arrow misses the killer bee. The 2nd elven arrow misses the killer bee. The killer bee stings! You shoot 2 elven arrows. The 1st elven arrow misses the killer bee. The 2nd elven arrow hits the killer bee! You kill the killer bee! You shoot 2 elven arrows. The 1st elven arrow hits the killer bee! You kill the killer bee! The 2nd elven arrow misses. c - 6 uncursed +2 elven arrows (in quiver). There is a doorway here. There are a few more objects here. The killer bee stings! The killer bee's sting was poisoned! You die... Final status: Goodbye Croesus the Ranger, poisoned by a killer bee... You died in The Dungeons of Doom on dungeon level 6 with 34715 points, and 1235 pieces of gold, after 2470 moves. You were level 5 with a maximum of 25 hit points when you died.